 Dungeon Crawl Stone Soup version 0.21.1-1-g345015f (webtiles) character file.

3321 inc the Jinx (level 9, -2/34 HPs)
             Began as a Felid Conjurer on June 18, 2018.
             Was a Priest of Sif Muna.
             Slain by a warg (14 damage)
             ... on level 7 of the Dungeon.
             The game lasted 00:29:02 (10907 turns).

inc the Jinx (Felid Conjurer)                      Turns: 10907, Time: 00:29:03

Health: -2/34      AC:  2    Str:  6    XL:     9   Next: 71%
Magic:  0/23       EV: 18    Int: 20    God:    Sif Muna [***...]
Gold:   615        SH:  0    Dex: 16    Spells: 15/26 levels left
                                        Lives:  0   Deaths: 2

rFire    . . .     SeeInvis +   (weapon unavailable)
rCold    . . .     Gourm    .   (shield unavailable)
rNeg     . . .     Faith    .   (armour unavailable)
rPois    .         Spirit   .   (helmet unavailable)
rElec    .         Reflect  .   (cloak unavailable)
rCorr    .         Harm     .   (gloves unavailable)
MR       +....                  (boots unavailable)
Stlth    +++.......             (no amulet)
HPRegen  0.11/turn              o - +2 ring of strength
MPRegen  0.18/turn              (no ring)

@: quick
A: very small, no armour, no weapons or thrown items, stealth, claws 1, fangs 3,
see invisible, carnivore, speed 1, shaggy fur 2, slow metabolism 1, sharp paws
a: Divine Energy, Channel Magic, Renounce Religion


You were on level 7 of the Dungeon.
You worshipped Sif Muna.
Sif Muna was most pleased with you.
You were very full.

You visited 2 branches of the dungeon, and saw 9 of its levels.
You also visited: Ossuary.

You collected 615 gold pieces.

Inventory:

Jewellery
 i - an uncursed amulet of the gourmand
 o - a +2 ring of strength (left paw)
Wands
 t - a wand of flame (27)
 y - a wand of scattershot (6)
 A - a wand of acid (7)
Scrolls
 d - a scroll of enchant weapon
 f - 4 scrolls of remove curse
 l - a scroll of magic mapping
 p - 2 scrolls of identify
 q - 5 scrolls of teleportation {unknown}
 s - 3 scrolls of fog {unknown}
 u - a scroll of brand weapon {unknown}
 v - 3 scrolls of enchant armour {unknown}
 z - a scroll of amnesia
Potions
 c - a potion of berserk rage
 e - 2 potions of brilliance
 g - 4 potions of curing
 h - 2 potions of heal wounds
 j - 2 potions of flight
 m - a potion of degeneration
 n - a potion of invisibility {unknown}
 w - a potion of mutation {unknown}
 x - 2 potions of might {unknown}
Books
 a - a book of Conjurations

   Spells                             Type                      Level
   a - Magic Dart                     Conjuration                  1
   b - Searing Ray                    Conjuration                  2
   c - Dazzling Spray                 Conjuration/Hexes            3
   d - Fulminant Prism                Conjuration/Hexes            4
   e - Force Lance                    Conjuration/Translocation    4
   f - Iskenderun's Mystic Blast      Conjuration                  4
 k - a book of Conjurations

   Spells                             Type                      Level
   a - Magic Dart                     Conjuration                  1
   b - Searing Ray                    Conjuration                  2
   c - Dazzling Spray                 Conjuration/Hexes            3
   d - Fulminant Prism                Conjuration/Hexes            4
   e - Force Lance                    Conjuration/Translocation    4
   f - Iskenderun's Mystic Blast      Conjuration                  4
 r - a book of Cantrips

   Spells                             Type                      Level
   a - Confusing Touch                Hexes                        1
   b - Animate Skeleton               Necromancy                   1
   c - Summon Small Mammal            Summoning                    1
   d - Apportation                    Translocation                1
Comestibles
 b - 12 rations


   Skills:
 - Level 2.6 Dodging
 - Level 4.1 Stealth
 - Level 9.1 Spellcasting
 + Level 8.1 Conjurations
 + Level 10.1 Hexes


You had 15 spell levels left.
You knew the following spells:

 Your Spells              Type           Power        Failure   Level  Hunger
a - Magic Dart            Conj           ####         1%          1    None
b - Searing Ray           Conj           #####.       1%          2    None
c - Dazzling Spray        Conj/Hex       #####.       1%          3    None
d - Fulminant Prism       Conj/Hex       #####.....   1%          4    ###....
e - Confusing Touch       Hex            #####.       1%          1    None


Dungeon Overview and Level Annotations

Branches:
Dungeon (8/15)             Temple (1/1) D:6            Lair (0/6) D:8

Altars:
Dithmenos
Elyvilon
Fedhas
Gozag
Hepliaklqana
Kikubaaqudgha
Makhleb
Nemelex Xobeh
Okawaru
Qazlal
Ru
Sif Muna
Trog
Uskayaw
Vehumet
Wu Jian
Xom
Yredelemnul
Zin
The Shining One


Innate Abilities, Weirdness & Mutations

You cannot wear armour.
You are incapable of wielding weapons or throwing items.
Your paws allow you to move quietly. (Stealth)
You have sharp claws.
You have razor-sharp teeth.
You have supernaturally acute eyesight. (SInv)
You are carnivorous and can eat meat at any time.
You cover ground quickly.
You are covered in thick fur. (AC +2)
You have a slow metabolism.
Your sharp claws are effective at attacking unaware monsters.


Message History

The centaur barely misses you. The warg barely misses you.
Casting: Fulminant Prism
Confirm with . or Enter, or press ? or * to list all spells.
You don't have enough magic to cast that spell.
The centaur barely misses you.
The centaur wields an uncursed shortbow.
The centaur shoots an arrow.
The arrow hits you!
You see here an arrow.
There is a stone staircase leading up here.
The warg bites you!
You climb upwards.
There is a stone staircase leading down here.
Unknown command.
Casting: Fulminant Prism
Confirm with . or Enter, or press ? or * to list all spells.
Aiming: Fulminant Prism
Press: ? - help, Dir - move target cursor You conjure a prism of explosive energy!
The warg closely misses you. The warg bites you!
You die...

#.............#.......|....
#.#...........#............
#.#...........+............
#.#...........#..>.........
#.###.........#............
#.# #####.....#............
#.# #....*..'............
#.# #.#..h..#............
#.# #.'.@...+............
#.# ###.....#.......#####
#.# #.....############# #.#
##................. #.#
##################
#.#############
#.............##
###########..........#
.....................#


You could see a warg and a friendly fulminant prism.

Vanquished Creatures
  The ghost of Bnni the Prestidigitator, a novice FoAr of Nemelex Xobeh (D:6)
  Psyche (D:8)
  Sigmund (D:5)
  2 wargs (D:8)
  2 ice beasts
  3 orc warriors
  The ghost of kae the Skirmisher, an amateur MiFi (D:3)
  3 ogres
  A centaur (D:7)
  A bullfrog (D:6)
  3 scorpions
  5 wights
  6 crimson imps
  A bullfrog zombie (D:5)
  2 quasits
  4 hounds
  A centaur skeleton (D:7)
  2 jellies
  11 orc wizards
  2 iguanas
  4 orc priests
  Jessica (D:3)
  5 worker ants
  A hound skeleton (D:5)
  8 mummies (Ossuary)
  11 gnolls
  9 adders
  A howler monkey skeleton (D:4)
  An adder skeleton (D:5)
  2 worms
  2 dart slugs
  6 leopard geckos
  33 orcs
  2 ball pythons
  6 giant cockroaches
  2 gnoll zombies (Ossuary)
  6 hobgoblins
  4 jackals
  4 kobolds
  7 quokkas
  5 bats
  3 frilled lizards
  5 goblins
  3 hobgoblin zombies (Ossuary)
  A jackal skeleton (D:4)
  A kobold zombie (Ossuary)
  2 orc zombies (Ossuary)
  11 rats
  2 fulminant prisms (D:8)
201 creatures vanquished.

Vanquished Creatures (others)
  38 fulminant prisms
38 creatures vanquished.

Grand Total: 239 creatures vanquished

Notes
Turn   | Place    | Note
-------+----------+-------------------------------------------
     0 | D:1      | inc the Felid Conjurer began the quest for the Orb.
     0 | D:1      | Reached XP level 1. HP: 7/7 MP: 4/4
   372 | D:1      | Reached XP level 2. HP: 11/11 MP: 1/6
   532 | D:1      | Learned a level 2 spell: Searing Ray
  1105 | D:2      | Reached XP level 3. HP: 14/14 MP: 1/7
  1642 | D:2      | Reached XP level 4. HP: 18/18 MP: 3/8
  2173 | D:3      | Found a stormy altar of Qazlal.
  2207 | D:3      | Reached skill level 5 in Conjurations
  2323 | D:3      | Noticed kae's ghost (amateur MiFi)
  2634 | D:4      | Noticed an ogre
  2752 | D:3      | Noticed Jessica
  2757 | D:3      | Killed Jessica
  2888 | D:3      | Reached XP level 5. HP: 21/21 MP: 4/9
  3054 | D:4      | Noticed an ogre
  3068 | D:5      | Entered Level 5 of the Dungeon
  3249 | D:5      | Learned a level 3 spell: Dazzling Spray
  3550 | D:5      | Noticed Sigmund
  3661 | D:5      | Killed Sigmund
  3661 | D:5      | Gained mutation: You are covered in thick fur. (AC +2) [Felid growth]
  3661 | D:5      | Reached XP level 6. HP: 12/24 MP: 9/13
  3818 | D:5      | Reached skill level 1 in Hexes
  3883 | D:5      | Noticed an ice beast
  3884 | D:5      | Found a sand-covered staircase.
  3893 | Ossuary  | Entered an ossuary
  3904 | Ossuary  | Reached skill level 2 in Hexes
  4239 | Ossuary  | Reached skill level 3 in Hexes
  4282 | Ossuary  | Reached XP level 7. HP: 12/27 MP: 2/14
  4597 | Ossuary  | Reached skill level 4 in Hexes
  4829 | D:6      | Noticed Bnni's ghost (novice FoAr)
  4918 | D:5      | Reached skill level 5 in Hexes
  5491 | D:5      | Learned a level 4 spell: Fulminant Prism
  5586 | D:5      | Reached skill level 5 in Spellcasting
  5768 | D:6      | Slain by a wight
  5769 | D:6      | Reached XP level 6. HP: 0/24 MP: 6/15
  5873 | D:6      | Noticed an orc warrior
  5876 | D:6      | Reached XP level 7. HP: 27/27 MP: 10/17
  5951 | D:6      | Killed from afar by an orc wizard
  5952 | D:6      | Reached XP level 6. HP: -1/24 MP: 1/16
  6056 | D:6      | Found a staircase to the Ecumenical Temple.
  6064 | Temple   | Entered the Ecumenical Temple
  6112 | Temple   | Became a worshipper of Sif Muna the Loreminder
  6194 | D:6      | Reached XP level 7. HP: 27/27 MP: 9/18
  6841 | D:4      | Reached * piety under Sif Muna
  7231 | D:4      | Reached XP level 8. HP: 26/31 MP: 14/21
  7374 | D:4      | Learned a level 1 spell: Confusing Touch
  7979 | D:3      | Killed kae's ghost
  8492 | D:3      | Found a sparkling altar of Nemelex Xobeh.
  8733 | D:5      | Reached ** piety under Sif Muna
  8901 | D:6      | Reached skill level 6 in Hexes
  9169 | D:6      | Found a sparkling altar of Nemelex Xobeh.
  9237 | D:6      | Killed Bnni's ghost
  9237 | D:6      | Reached skill level 8 in Hexes
  9237 | D:6      | Reached XP level 9. HP: 33/34 MP: 3/23
  9966 | D:7      | Reached skill level 9 in Hexes
 10413 | D:8      | Reached *** piety under Sif Muna
 10699 | D:8      | Noticed Psyche
 10715 | D:8      | Killed Psyche
 10872 | D:8      | Found a staircase to the Lair.
 10885 | D:8      | Reached skill level 10 in Hexes
 10907 | D:7      | Slain by a warg

Skill      XL: |  1  2  3  4  5  6  7  8  9 |
---------------+----------------------------+-----
Stealth        | 3 4 |  4.1
Conjurations   | 4 5 7 8 |  8.1
Spellcasting   | 4 7 8 9 |  9.1
Hexes          | 3 5 8 10 | 10.1
Dodging        | |  2.6

Action                   |  1- 3 |  4- 6 |  7- 9 || total
-------------------------+-------+-------+-------++-------
Melee: Unarmed           |     6 |    34 |    57 ||    97
       Bite              |       |     1 |     7 ||     8
 Cast: Magic Dart        |    84 |   117 |   194 ||   395
       Searing Ray       |     1 |    15 |    30 ||    46
       Fulminant Prism   |       |     4 |    37 ||    41
       Dazzling Spray    |       |     4 |    12 ||    16
  Use: Potion            |     3 |     6 |     5 ||    14
       Scroll            |       |     8 |     2 ||    10
  Eat: Chunk             |     2 |    12 |    16 ||    30
Armor: Skin              |       |     5 |     8 ||    13
Dodge: Dodged            |    13 |    94 |   134 ||   241
